 Dungeon Crawl Stone Soup version 0.21.1-1-g345015f (webtiles) character file.

32 letownia3 the Conjurer (level 3, 0/24 HPs)
             Began as a Demonspawn Wizard on Feb 6, 2018.
             Succumbed to an adder's poison
             ... on level 2 of the Dungeon.
             The game lasted 00:01:23 (780 turns).

letownia3 the Conjurer (Demonspawn Wizard)           Turns: 780, Time: 00:01:23

Health: 0/24       AC:  2    Str: 13    XL:     3   Next: 8%
Magic:  4/7        EV: 12    Int: 19    God:
Gold:   92         SH:  4    Dex: 11    Spells: 7/8 levels left

rFire    . . .     SeeInvis .   h - +0 short sword (drain)
rCold    . . .     Gourm    .   (no shield)
rNeg     . . .     Faith    .   a - +0 robe
rPois    .         Spirit   .   b - +0 hat
rElec    .         Reflect  .   (no cloak)
rCorr    .         Harm     .   (no gloves)
MR       .....                  (no boots)
Stlth    ++........             (no amulet)
HPRegen  0.08/turn              (no ring)
MPRegen  0.10/turn              (no ring)

@: mighty, lethally poisoned (0 -> -3)
A: claws 1, large bone plates 1
a: no special abilities


You were on level 2 of the Dungeon.
You were not hungry.

You visited 1 branch of the dungeon, and saw 2 of its levels.

You collected 92 gold pieces.

Inventory:

Hand Weapons
 g - a +0 whip
 h - a +0 short sword of draining (weapon)
Missiles
 j - 17 bolts
Armour
 a - a +0 robe (worn)
 b - a +0 hat (worn)
Jewellery
 k - an uncursed ring of resist corrosion {unknown}
Scrolls
 e - a scroll of teleportation {unknown}
 f - a scroll of magic mapping {unknown}
 i - a scroll of identify {unknown}
Books
 c - a book of Minor Magic

   Spells                             Type                      Level
   a - Magic Dart                     Conjuration                  1
   b - Blink                          Translocation                2
   c - Call Imp                       Summoning                    2
   d - Slow                           Hexes                        2
   e - Conjure Flame                  Conjuration/Fire             3
   f - Mephitic Cloud                 Conjuration/Poison/Air       3
Comestibles
 d - 2 rations


   Skills:
 - Level 1.7 Dodging
 - Level 1.7 Stealth
 - Level 3.0 Spellcasting
 + Level 3.1 Conjurations
   Level 1.0 Summonings
   Level 0.8 Translocations


You had 7 spell levels left.
You knew the following spells:

 Your Spells              Type           Power        Failure   Level  Hunger
a - Magic Dart            Conj           ##..         4%          1    None


Dungeon Overview and Level Annotations

Branches:
Dungeon (2/15)

Altars:


Innate Abilities, Weirdness & Mutations

You have sharp fingernails.
You are partially covered in large bone plates. (SH +4)


Message History

You feel sick.
* * * LOW HITPOINT WARNING * * *
You feel sick.
* * * LOW HITPOINT WARNING * * *
You feel sick.
* * * LOW HITPOINT WARNING * * *
You feel sick.
* * * LOW HITPOINT WARNING * * *
You feel sick.
* * * LOW HITPOINT WARNING * * *
You feel sick.
* * * LOW HITPOINT WARNING * * *
You feel sick.
Unknown command.
Okay, then.
* * * LOW HITPOINT WARNING * * *
You feel sick.
It was a potion of might.
You feel very mighty all of a sudden.
You die...

#...#.#......#
.#.#...#.....# ...
.......††....# ..#
########.#...# ##.
.. #(..### ...##.##
###.# ....#..# #..#
.....#.##########.##
................@.#
.........##########
.........#
...<.....#
.........#
.....#####
......######
.).........##
............##


There were no monsters in sight!

Vanquished Creatures
  An adder (D:2)
  2 dart slugs
  A giant cockroach (D:1)
  2 hobgoblins (D:1)
  3 bats
  2 frilled lizards (D:1)
  3 goblins
  5 kobolds
  A rat (D:1)
20 creatures vanquished.

Vanquished Creatures (others)
  5 toadstools (D:1)
5 creatures vanquished.

Grand Total: 25 creatures vanquished

Notes
Turn   | Place    | Note
-------+----------+-------------------------------------------
     0 | D:1      | letownia3 the Demonspawn Wizard began the quest for the Orb.
     0 | D:1      | Reached XP level 1. HP: 13/13 MP: 4/4
   298 | D:1      | Gained mutation: You are partially covered in large bone plates. (SH +4) [demonic ancestry]
   298 | D:1      | Reached XP level 2. HP: 17/19 MP: 1/6
   764 | D:2      | Gained mutation: You have sharp fingernails. [demonic ancestry]
   764 | D:2      | Reached XP level 3. HP: 8/24 MP: 3/7
   777 | D:2      | HP: 1/24 [poisoned by an adder]
   780 | D:2      | Succumbed to an adder's poison

Skill      XL: |  1  2 |
---------------+-------+-----
Conjurations   | 2 3 |  3.1
Dodging        | |  1.7
Stealth        | |  1.7
Spellcasting   | |  3.0
Summonings     | |  1.0
Translocations | |  0.8

Action                   || total
-------------------------++-------
Melee: Whip              ||    13
       Short sword       ||    24
 Cast: Magic Dart        ||    27
  Use: Potion            ||     1
Armor: Robe              ||    12
Dodge: Dodged            ||    25
Block: Other             ||     6
